 Dungeon Crawl Stone Soup version 0.32-a0-859-gb0a091d592 (console) character file.

Game seed: 16285510312459585509

457 jejorda2 the Poker (level 7, 0/60 HPs)
             Began as a Gnoll Berserker on Mar 27, 2024.
             Was a Priest of Trog.
             Slain by Prince Ribbit (13 damage)
             ... on level 5 of the Dungeon.
             The game lasted 00:08:39 (4730 turns).

jejorda2 the Poker (Gnoll Berserker)                Turns: 4730, Time: 00:08:39

Health: 0/60       AC: 16    Str: 18    XL:     7   Next: 6%
Magic:  10/10      EV:  6    Int:  7    God:    Trog [***...]
Gold:   50         SH:  5    Dex: 11    Spells: 10/10 levels left

rFire   . . .        b - +0 battleaxe
rCold   . . .        (shield currently unavailable)
rNeg    . . .        D - +0 plate armour
rPois   .            o - +0 helmet
rElec   .            n - +0 cloak
rCorr   .            C - +0 pair of gloves
SInv    .            (no boots)
Will    .....        r - amulet of reflection Stlth
                     (no ring)
HPRegen 0.30/turn    (no ring)
MPRegen 0.12/turn

%: reflection
@: on berserk cooldown, slowed, very slow
A: fangs 1, strong nose, distributed training
a: Renounce Religion, Berserk, Trog's Hand


You were on level 5 of the Dungeon.
You worshipped Trog.
Trog was most pleased with you.
You visited 1 branch of the dungeon, and saw 5 of its levels.

You collected 110 gold pieces.
You spent 60 gold pieces at shops.

Inventory:

Hand Weapons
 a - a +0 spear
 b - a +0 battleaxe (weapon)
Missiles
 q - 8 poisoned darts
 u - 8 boomerangs
Armour
 n - a +0 cloak (worn)
 o - a +0 helmet (worn)
 C - a +0 pair of gloves (worn)
 D - a +0 plate armour (worn)
Jewellery
 r - an amulet of reflection (around neck)
 w - a ring of ice
Wands
 x - a wand of polymorph (9)
Scrolls
 c - a scroll of fear {unknown}
 f - 2 scrolls of fog {unknown}
 g - a scroll of enchant weapon {unknown}
 h - 2 scrolls of teleportation
 p - a scroll of enchant armour {unknown}
 t - a scroll of amnesia {unknown}
Potions
 e - a potion of heal wounds
 i - a potion of mutation
 j - a potion of haste {unknown}
 l - 2 potions of resistance
 m - a potion of lignification {unknown}
 v - a potion of invisibility {unknown}
 z - a potion of might {unknown}
 A - 2 potions of curing
 B - a potion of attraction {unknown}


   Skills:
 + Level 7.0 Fighting
 + Level 2.3 Short Blades
 + Level 2.3 Long Blades
 + Level 2.3 Axes
 + Level 2.3 Maces & Flails
 + Level 7.0 Polearms
 + Level 2.3 Staves
 + Level 2.3 Ranged Weapons
 + Level 2.3 Throwing
 + Level 5.1 Armour
 + Level 5.1 Dodging
 + Level 2.3 Stealth
 + Level 2.3 Shields
 + Level 2.3 Unarmed Combat
 + Level 2.3 Spellcasting
 + Level 1.9 Conjurations
 + Level 1.9 Hexes
 + Level 1.9 Summonings
 + Level 1.9 Necromancy
 + Level 1.9 Translocations
 + Level 1.9 Fire Magic
 + Level 1.9 Ice Magic
 + Level 1.9 Air Magic
 + Level 1.9 Earth Magic
 + Level 1.9 Alchemy
 + Level 2.5 Invocations
 + Level 2.3 Evocations
 + Level 2.1 Shapeshifting


You had 10 spell levels left.
You didn't know any spells.
Your spell library was empty.

Dungeon Overview and Level Annotations

Branches:
Dungeon (5/15)             Temple (0/1) D:4

Altars:
Cheibriados
Makhleb
Sif Muna

Shops:
D:1 *   D:4 (

Annotations:
D:4 3 runed translucent doors, exclusion: 3 doors, baller8008's ghost, amateur DECj
D:5 Prince Ribbit


Innate Abilities, Weirdness & Mutations

You have very sharp teeth.
Your uncanny sense of smell can sniff out nearby items.
Your experience applies equally to all skills.


Message History

You hit Prince Ribbit.
Prince Ribbit is heavily wounded.
Prince Ribbit hits you.
Prince Ribbit hits you but does no damage. x2
You slash Prince Ribbit!
Prince Ribbit is severely wounded.
You block Prince Ribbit's attack. Prince Ribbit hits you.
Prince Ribbit hits you!
* * * LOW HITPOINT WARNING * * *
Prince Ribbit catches a millipede with his tongue.
Prince Ribbit hits you!
* * * LOW HITPOINT WARNING * * *
You feel much better. Prince Ribbit hits you. Prince Ribbit barely misses you.
Unknown command.
You closely miss Prince Ribbit.
Prince Ribbit is severely wounded.
You block Prince Ribbit's attack. Prince Ribbit hits you. x2
You closely miss Prince Ribbit.
Prince Ribbit is severely wounded.
Prince Ribbit blinks!
Prince Ribbit lets out a mournful croak.
Prince Ribbit hits you.
Prince Ribbit hits you but does no damage.
You slash Prince Ribbit! Your bite misses Prince Ribbit.
Prince Ribbit is severely wounded.
Prince Ribbit blinks! x2
Prince Ribbit attacks as he pursues you!
Prince Ribbit barely misses you.
Prince Ribbit hits you but does no damage.
You barely miss Prince Ribbit.
Prince Ribbit is severely wounded.
Prince Ribbit barely misses you.
Prince Ribbit blinks!
Prince Ribbit hops awkwardly around.
Prince Ribbit blinks!
Prince Ribbit blinks!
There is a stone staircase leading up here.
Prince Ribbit hits you!
* * * LOW HITPOINT WARNING * * *
Prince Ribbit hits you!
You die...

. ## #. ..# #.# #.#
#.# #.# #.#########
#(...@....#
######...F........
...[.....######.###
#.#####..# # .ยง(.#
###.## #.# #.# #.#


You could see Prince Ribbit.

Vanquished Creatures
  Blork the orc (D:4)
  A bombardier beetle (D:3)
  Crazy Yiuf (D:2)
  A sleepcap (D:5)
  Natasha (thrice) (D:4)
  Robin (D:2)
  7 gnolls (D:4)
  5 adders
  A ribbon worm (D:3)
  2 orcs (D:4)
  4 ball pythons
  7 endoplasms
  4 giant cockroaches
  17 goblins
  12 hobgoblins
  8 jackals (D:3)
  11 kobolds
  3 quokkas
  4 bats
  3 frilled lizards
  6 rats
102 creatures vanquished.

Notes
Turn   | Place    | Note
-------+----------+-------------------------------------------
     0 | D:1      | jejorda2 the Gnoll Berserker began the quest for the Orb.
     0 | D:1      | Reached XP level 1. HP: 23/23 MP: 1/1
   203 | D:1      | Reached XP level 2. HP: 27/29 MP: 2/2
   856 | D:1      | Found Lazuzof's General Store.
  1169 | D:2      | Reached XP level 3. HP: 28/35 MP: 3/3
  1259 | D:2      | Reached skill level 1 in Invocations
  1260 | D:2      | Reached ** piety under Trog
  1414 | D:2      | Found a burning altar of Makhleb.
  1510 | D:2      | Found a runed translucent door.
  1511 | D:2      | Noticed Crazy Yiuf
  1518 | D:2      | Paralysed by Crazy Yiuf for 1 turns
  1523 | D:2      | Killed Crazy Yiuf
  1524 | D:2      | Reached skill level 1 in Short Blades
  1524 | D:2      | Reached skill level 1 in Long Blades
  1524 | D:2      | Reached skill level 1 in Axes
  1524 | D:2      | Reached skill level 1 in Maces & Flails
  1524 | D:2      | Reached skill level 1 in Staves
  1524 | D:2      | Reached skill level 1 in Ranged Weapons
  1524 | D:2      | Reached skill level 1 in Throwing
  1524 | D:2      | Reached skill level 1 in Stealth
  1524 | D:2      | Reached skill level 1 in Shields
  1524 | D:2      | Reached skill level 1 in Unarmed Combat
  1524 | D:2      | Reached skill level 1 in Spellcasting
  1524 | D:2      | Reached skill level 1 in Evocations
  1524 | D:2      | Reached skill level 1 in Shapeshifting
  1524 | D:2      | Reached XP level 4. HP: 41/41 MP: 5/5
  1679 | D:2      | Noticed Robin
  1703 | D:2      | Reached skill level 1 in Conjurations
  1703 | D:2      | Reached skill level 1 in Hexes
  1703 | D:2      | Reached skill level 1 in Summonings
  1703 | D:2      | Reached skill level 1 in Necromancy
  1703 | D:2      | Reached skill level 1 in Translocations
  1703 | D:2      | Reached skill level 1 in Fire Magic
  1703 | D:2      | Reached skill level 1 in Ice Magic
  1703 | D:2      | Reached skill level 1 in Air Magic
  1703 | D:2      | Reached skill level 1 in Earth Magic
  1703 | D:2      | Reached skill level 1 in Alchemy
  1735 | D:2      | Killed Robin
  2054 | D:1      | Bought a scroll of teleportation for 36 gold pieces
  2384 | D:3      | Found a faded altar of an unknown god.
  2387 | D:3      | Reached XP level 5. HP: 47/47 MP: 7/7
  2772 | D:3      | Found a snail-covered altar of Cheibriados.
  2839 | D:3      | Reached *** piety under Trog
  3070 | D:4      | Reached XP level 6. HP: 53/53 MP: 8/8
  3168 | D:4      | Noticed baller8008's ghost (amateur DECj)
  3168 | D:4      | Noticed a hornet
  3182 | D:4      | Found a runed translucent gate.
  3182 | D:4      | Found a runed translucent gate.
  3184 | D:4      | Found a runed translucent gate.
  3422 | D:4      | Noticed Natasha
  3430 | D:4      | Found a staircase to the Ecumenical Temple.
  3489 | D:4      | Killed Natasha
  3490 | D:4      | Reached skill level 5 in Armour
  3490 | D:4      | Reached skill level 5 in Dodging
  3511 | D:4      | Noticed Blork the orc
  3555 | D:4      | Killed Blork the orc
  3698 | D:4      | Found a shimmering blue altar of Sif Muna.
  3784 | D:4      | Found Erizofakh's Antique Weapon Emporium.
  4061 | D:1      | Bought a scroll of identify for 24 gold pieces
  4293 | D:5      | Entered Level 5 of the Dungeon
  4310 | D:4      | Noticed Natasha
  4317 | D:4      | Killed Natasha
  4318 | D:4      | Reached XP level 7. HP: 41/59 MP: 10/10
  4424 | D:4      | Found a staircase to the Ecumenical Temple.
  4448 | D:4      | Found a runed translucent gate.
  4448 | D:4      | Found a runed translucent gate.
  4449 | D:4      | Found a runed translucent gate.
  4537 | D:4      | Found Erizofakh's Antique Weapon Emporium.
  4650 | D:4      | Noticed Natasha
  4659 | D:4      | Killed Natasha
  4700 | D:5      | Noticed Prince Ribbit
  4722 | D:5      | HP: 3/60 [Prince Ribbit (7)]
  4730 | D:5      | Slain by Prince Ribbit

Illustrated notes

Levels and vault maps discovered:
D:1:      dpeg_arrival_rhombi, layout_basic, serial_shops, shop,
          grunt_decor_resistance
D:2:      layout_basic, basic_altar, minmay_quantized, uniq_robin,
          uniq_crazy_yiuf_cottage
D:3:      layout_rooms, chei_slow_surprise, ebering_ecumenical_altar_webs
D:4:      corexii_shack_village, layout_loops_ring, kennysheep_mini,
          minmay_temple_entry_mist, gammafunk_ghost_split, serial_shops, shop,
          uniq_blork_the_orc, uniq_natasha
D:5:      lemuel_castle_with_subvaults [lemuel_castle_interior_carwin_2],
          layout_loops_ring, serial_shops, shop, uniq_prince_ribbit1

Skill      XL: |  1  2  3  4  5  6  7 |
---------------+----------------------+-----
Invocations    | 1 2 |  2.5
Short Blades   | 1 2 |  2.3
Long Blades    | 1 2 |  2.3
Axes           | 1 2 |  2.3
Maces & Flails | 1 2 |  2.3
Staves         | 1 2 |  2.3
Ranged Weapons | 1 2 |  2.3
Throwing       | 1 2 |  2.3
Stealth        | 1 2 |  2.3
Shields        | 1 2 |  2.3
Unarmed Combat | 1 2 |  2.3
Spellcasting   | 1 2 |  2.3
Evocations     | 1 2 |  2.3
Shapeshifting  | 1 2 |  2.1
Conjurations   | 1 |  1.9
Hexes          | 1 |  1.9
Summonings     | 1 |  1.9
Necromancy     | 1 |  1.9
Translocations | 1 |  1.9
Fire Magic     | 1 |  1.9
Ice Magic      | 1 |  1.9
Air Magic      | 1 |  1.9
Earth Magic    | 1 |  1.9
Alchemy        | 1 |  1.9
Armour         | 5 |  5.1
Dodging        | 5 |  5.1
Fighting       | 7 |  7.0
Polearms       | 7 |  7.0

Action                     |  1- 3 |  4- 6 |  7- 9 || total
---------------------------+-------+-------+-------++-------
  Melee: Spear             |   119 |   290 |       ||   409
         Bite              |    13 |    29 |     2 ||    44
         Battleaxe         |       |    13 |    19 ||    32
  Throw: Dart              |       |     1 |     6 ||     7
 Invoke: Berserk           |     1 |     3 |     1 ||     5
    Use: Scroll            |       |     5 |       ||     5
         Potion            |       |       |     1 ||     1
 Armour: Animal skin       |    10 |       |       ||    10
         Ring mail         |    15 |       |       ||    15
         Scale mail        |    14 |   128 |       ||   142
         Plate armour      |       |     9 |    26 ||    35
  Dodge: Dodged            |    38 |   108 |     8 ||   154
  Block: Other             |       |    22 |     5 ||    27

Table legend: (Time is in decaauts)
 A = Elapsed time spent in this place.
 B = Non-inter-level travel time spent in this place.
 C = Inter-level travel time spent in this place.
 D = Time resting spent in this place.
 E = Time spent auto-exploring this place.
 F = Levels seen in this place.
 G = Mean time per level.
                   A        B        C        D        E       F      G
               +--------+--------+--------+--------+--------+-----+--------+
         Total |   4714 |   3656 |   1058 |    126 |   2715 |   5 |  942.8 |
       Dungeon |   4714 |   3656 |   1058 |    126 |   2715 |   5 |  942.8 |
               +--------+--------+--------+--------+--------+-----+--------+

Top non-repeatable levels by time:
     D:1: 1714 daAuts
     D:4: 1259 daAuts
     D:2: 859 daAuts
     D:3: 826 daAuts
     D:5: 56 daAuts
